 Dungeon Crawl Stone Soup version 0.29-a0-878-g7b45a56547 (webtiles) character file.

Game seed: 1837227680143266801

94 Locuples the Sneak (level 4, 0/33 HPs)
             Began as a Demonspawn Brigand on July 20, 2022.
             Slain by a goblin
             ... wielding a +0 club
             ... led by Robin
              (1 damage)
             ... on level 3 of the Dungeon.
             The game lasted 00:04:28 (2631 turns).

Locuples the Sneak (Demonspawn Brigand)             Turns: 2631, Time: 00:04:28

Health: 0/33       AC:  3    Str: 12    XL:     4   Next: 38%
Magic:  4/4        EV: 12    Int: 12    God:
Gold:   47         SH:  0    Dex: 16    Spells: 3/3 levels left

rFire   . . .      SeeInvis .   a - +2 dagger
rCold   . . .      Faith    .   (no shield)
rNeg    . . .      Spirit   .   b - +0 robe
rPois   .          Reflect  .   (no helmet)
rElec   .          Harm     .   h - scarf {repulsion}
rCorr   .          Rampage  .   j - +0 pair of gloves
Will    .....                   (no boots)
Stlth   +++.......              (no amulet)
HPRegen 0.11/turn               (no ring)
MPRegen 0.09/turn               (no ring)

@: repel missiles
A: claws 1, powered by death 2
a: no special abilities


You were on level 3 of the Dungeon.
You visited 1 branch of the dungeon, and saw 4 of its levels.

You collected 47 gold pieces.

Inventory:

Hand Weapons
 a - a +2 dagger (weapon)
Missiles
 d - 9 poisoned darts (quivered)
 e - 3 curare-tipped darts
Armour
 b - a +0 robe (worn)
 c - a +0 cloak
 h - a scarf of repulsion (worn)
 j - a +0 pair of gloves (worn)
Wands
 n - a wand of paralysis (10)
Scrolls
 f - 3 scrolls of enchant armour {unknown}
 g - a scroll of fear {unknown}
 i - a scroll of fog {unknown}
 k - 2 scrolls of teleportation {unknown}
 l - a scroll of poison {unknown}


   Skills:
 + Level 2.2 Fighting
 + Level 2.3 Short Blades
 - Level 1.7 Throwing
 + Level 1.8 Dodging
 + Level 4.9 Stealth


You had 3 spell levels left.
You didn't know any spells.
Your spell library contained the following spells:

 Spells                   Type           Power      Damage    Failure   Level
 Ozocubu's Armour         Ice            0%         N/A       69%         3
 Metabolic Englaciation   Hex/Ice        0%         N/A       100%        5
 Simulacrum               Ice/Necr       0%         N/A       100%        6


Dungeon Overview and Level Annotations

Branches:
Dungeon (4/15)
 Temple: D:4-7

Altars:

Annotations:
D:3 Jessica, Robin


Innate Abilities, Weirdness & Mutations

You have sharp fingernails.
You regenerate health from kills.


Message History

The goblin barely misses you.
You hit the hobgoblin but do no damage.
The hobgoblin is heavily wounded.
The goblin hits you with a +0 club. The goblin completely misses you.
The goblin shouts!
You hit the goblin.
The goblin is severely wounded.
You hear a shout!
The goblin hits you with a +0 club. The hobgoblin barely misses you.
The goblin hits you with a +0 club. Robin throws the goblin at you!
You closely miss the goblin. The goblin hits you with a +0 club.
The hobgoblin hits you. The goblin hits you with a +0 club.
The goblin misses you. The goblin closely misses you.
You hit the goblin.
The goblin is heavily wounded.
The goblin closely misses you. The hobgoblin closely misses you.
The goblin closely misses you. The goblin misses you.
The goblin closely misses you.
You hit the goblin.
You kill the goblin!
The goblin closely misses you. The goblin hits you with a +0 club. x2
The hobgoblin closely misses you.
You closely miss Robin. The goblin hits you with a +0 club. x3
* * * LOW HITPOINT WARNING * * *
Robin misses you. The hobgoblin hits you.
* * * LOW HITPOINT WARNING * * *
You hit Robin but do no damage. You hit Robin.
Robin is lightly wounded.
The goblin no longer looks unusually strong.
The goblin barely misses you. Robin closely misses you. The hobgoblin hits you.
* * * LOW HITPOINT WARNING * * *
The goblin hits you with a +0 club.
* * * LOW HITPOINT WARNING * * *
The goblin hits you but does no damage.
Unknown command.
You hit the goblin.
The goblin is severely wounded.
The goblin hits you with a +0 club.
You die...

#.# ###.### ### #.....#
... ##.###.####.# #.# ...#
#......# #.# .#.###.######
#.# .#.....# #####.# #
.###.#######...gg####.##.#
.# #.# #.....†g@g.)....#
.# #.# #.##.###g####g##g#
.# #.# #.# #.# .. .###.#
#.# #..


ggg ..##.# #.# #### #.g .#.#.# #.# K .#.#.# #.# ##.# #.# ..## #.# You could see
Robin, a hobgoblin (strong) and 4 goblins.

Vanquished Creatures
  Terence (D:2)
  2 adders
  9 ball pythons
  5 endoplasms (D:1)
  2 giant cockroaches (D:1)
  7 goblins
  5 hobgoblins
  3 kobolds
  2 quokkas
  3 bats
  6 frilled lizards (D:1)
  2 rats (D:1)
47 creatures vanquished.

Notes
Turn   | Place    | Note
-------+----------+-------------------------------------------
     0 | D:1      | Locuples the Demonspawn Brigand began the quest for the
                  | Orb.
     0 | D:1      | Reached XP level 1. HP: 16/16 MP: 1/1
   491 | D:1      | Reached skill level 4 in Stealth
   602 | D:1      | Gained mutation: You regenerate a little health from kills.
                  | [demonic ancestry]
   602 | D:1      | Reached XP level 2. HP: 20/22 MP: 2/2
   653 | D:1      | Reached skill level 1 in Dodging
  1398 | D:1      | Gained mutation: You regenerate health from kills. [demonic
                  | ancestry]
  1398 | D:1      | Reached XP level 3. HP: 27/27 MP: 3/3
  1857 | D:2      | Noticed Terence
  1894 | D:2      | Killed Terence
  1906 | D:2      | Gained mutation: You have sharp fingernails. [demonic
                  | ancestry]
  1906 | D:2      | Reached XP level 4. HP: 33/33 MP: 4/4
  2204 | D:3      | Noticed Jessica
  2207 | D:3      | Found a faded altar of an unknown god.
  2593 | D:3      | Noticed Robin
  2630 | D:3      | HP: 1/33 [goblin/+0 club[Robin] (1)]
  2631 | D:3      | Slain by a goblin

Illustrated notes

Levels and vault maps discovered:
D:1:      minmay_arrival_glassed_features, layout_basic, minmay_misc_feat_chi
D:2:      layout_basic, grunt_decor_mini_mirrors, uniq_terence
D:3:      layout_loops_ring, ebering_ecumenical_altar_webs,
          gammafunk_ghost_smash, uniq_jessica, uniq_robin
D:4:      layout_cave_pools, serial_shops, nicolae_take_the_stairs,
          serial_park_tiny_pond, uniq_ijyb

Skill      XL: |  1  2 |
---------------+-------+-----
Stealth        | 4 |  4.9
Dodging        | 1 |  1.8
Short Blades   | 2 |  2.3
Fighting       | |  2.2
Throwing       | |  1.7

Action                   |  1- 3 |  4- 6 || total
-------------------------+-------+-------++-------
Melee: Dagger            |   131 |    79 ||   210
       Punch             |     1 |     1 ||     2
  Use: Potion            |     1 |     3 ||     4
 Stab: Sleeping          |     9 |     2 ||    11
Armor: Robe              |    29 |    39 ||    68
       Skin              |    27 |       ||    27
Dodge: Dodged            |    53 |    92 ||   145

Table legend: (Time is in decaauts)
 A = Elapsed time spent in this place.
 B = Non-inter-level travel time spent in this place.
 C = Inter-level travel time spent in this place.
 D = Time resting spent in this place.
 E = Time spent auto-exploring this place.
 F = Levels seen in this place.
 G = Mean time per level.
                   A        B        C        D        E       F      G
               +--------+--------+--------+--------+--------+-----+--------+
         Total |   2609 |   2609 |      0 |    702 |   1384 |   4 |  652.2 |
       Dungeon |   2609 |   2609 |      0 |    702 |   1384 |   4 |  652.2 |
               +--------+--------+--------+--------+--------+-----+--------+

Top non-repeatable levels by time:
     D:1: 1647 daAuts
     D:3: 489 daAuts
     D:2: 284 daAuts
     D:4: 187 daAuts
